 Dungeon Crawl Stone Soup version 0.30-a0-782-ge64f9170bb (webtiles) character file.

Game seed: 11551128444197266594

81 Leeroy the Insei (level 4, -2/28 HPs)
             Began as an Octopode Transmuter on Feb 22, 2023.
             Slain by an orc
             ... wielding a +0 trident
              (7 damage)
             ... on level 4 of the Dungeon.
             The game lasted 00:01:38 (2510 turns).

Leeroy the Insei (Octopode Transmuter)              Turns: 2510, Time: 00:01:39

Health: -2/28      AC:  1    Str:  9    XL:     4   Next: 42%
Magic:  7/7        EV: 13    Int: 17    God:
Gold:   91         SH:  0    Dex: 12    Spells: 6/7 levels left

rFire   . . .      SeeInvis .      - Unarmed
rCold   . . .      Faith    .    (no shield)
rNeg    . . .      Spirit   .    (helmet restricted)
rPois   .          Reflect  .    (no amulet)
rElec   .          Harm     .    (no ring)
rCorr   .          Rampage  .    (no ring)
Will    .....                    (no ring)
Stlth   ++                       (no ring)
HPRegen 0.24/turn                (no ring)
MPRegen 0.10/turn                (no ring)
                                 (no ring)
                                 (no ring)

@: no status effects
A: almost no armour, amphibious, 8 rings, camouflage 1, gelatinous body 1,
(nimble swimmer 1), tentacles
a: no special abilities


You were on level 4 of the Dungeon.
You visited 1 branch of the dungeon, and saw 4 of its levels.

You collected 91 gold pieces.

Inventory:

Jewellery
 b - an amulet of faith
 i - a +4 ring of protection
Scrolls
 d - 2 scrolls of teleportation {unknown}
 e - a scroll of torment {unknown}
 g - a scroll of brand weapon {unknown}
 l - 2 scrolls of identify {unknown}
 n - a scroll of poison {unknown}
 o - a scroll of noise {unknown}
Potions
 a - 2 potions of lignification
 c - a potion of degeneration {unknown}
 f - a potion of heal wounds {unknown}
 h - a potion of berserk rage {unknown}
 j - 2 potions of curing {unknown}
 k - 2 potions of might {unknown}
 m - a potion of haste {unknown}
 p - 2 potions of attraction {unknown}


   Skills:
 - Level 1.0 Fighting
 - Level 2.0 Dodging
 + Level 5.1 Unarmed Combat
 - Level 2.0 Spellcasting
 - Level 2.0 Transmutations


You had 6 spell levels left.
You knew the following spells:

 Your Spells              Type           Power      Damage    Failure   Level
a - Beastly Appendage     Tmut           16%        N/A       9%          1

Your spell library contained the following spells:

 Spells                   Type           Power      Damage    Failure   Level
 Wereblood                Tmut           8%         N/A       13%         2
 Spider Form              Tmut/Pois      5%         N/A       36%         3
 Vhi's Electric Charge    Tloc/Air       2%         N/A       50%         3
 Ice Form                 Ice/Tmut       5%         N/A       77%         4
 Arcjolt                  Conj/Air       0%         1d10      99%         5
 Maxwell's Capacitive Co  Air            0%         ∞         100%        8


Dungeon Overview and Level Annotations

Branches:
Dungeon (4/15)
 Temple: D:4-7

Altars:
Ashenzari
Okawaru
Sif Muna
Vehumet


Innate Abilities, Weirdness & Mutations

You cannot wear most types of armour.
You are amphibious.
You can wear up to eight rings at the same time.
Your skin changes colour to match your surroundings (Stealth+).
Your rubbery body absorbs attacks. (AC +1, EV +1)
((You are camouflaged when in or above water. (Stealth+)))
You have tentacles for arms and can constrict up to eight enemies at once.


Message History

Found 9 gold pieces.
There are monsters nearby!
There is an open door here.
The orc shouts! x2
The orc shouts!
You tentacle-slap the orc. Your grab misses the orc.
The orc is almost dead.
The orc closely misses you.
You tentacle-slap the orc but do no damage.
Your grab misses the orc.
The orc is almost dead.
You tentacle-slap the orc.
You kill the orc!
The orc hits you with a +0 flail!
You barely miss the orc. You grab the orc. You tentacle-slap the orc.
The orc is lightly wounded.
You constrict the orc. The orc barely misses you. The orc misses you.
The orc barely misses you.
You tentacle-slap the orc.
The orc is heavily wounded.
You constrict the orc.
The orc misses you. x2; The orc barely misses you.
You tentacle-slap the orc.
You kill the orc!
The orc barely misses you. The orc misses you.
You closely miss the orc. Your grab misses the orc. The orc closely misses you.
The orc hits you from afar with a +0 trident.
You tentacle-slap the orc but do no damage.
Your grab misses the orc. The orc barely misses you. The orc misses you.
You tentacle-slap the orc but do no damage.
Your grab misses the orc. The orc hits you with a +0 flail!
The orc closely misses you.
You are too injured to fight recklessly!
You are too injured to fight recklessly!
You are too injured to fight recklessly!
You are too injured to fight recklessly!
You completely miss the orc. Your grab misses the orc.
The orc hits you with a +0 flail.
* * * LOW HITPOINT WARNING * * *
The orc hits you from afar with a +0 trident!
You die...

######...#
#....#...
#.......
#......##
#.......
#.....###
#...<...#
#####.#'###.#
.....o.@..#
......)o..#
..........#
.$........#
..........#
###.#####..
#. ### #


You could see 2 orcs.

Vanquished Creatures
  An adder (D:3)
  2 worms
  A dart slug (D:2)
  2 orcs (D:4)
  5 ball pythons
  6 bats
  6 endoplasms
  4 giant cockroaches
  2 goblins
  7 hobgoblins
  3 jackals (D:1)
  5 frilled lizards
  6 kobolds
  6 rats
56 creatures vanquished.

Notes
Turn   | Place    | Note
-------+----------+-------------------------------------------
     0 | D:1      | Leeroy the Octopode Transmuter began the quest for the Orb.
     0 | D:1      | Reached XP level 1. HP: 13/13 MP: 3/3
   107 | D:1      | Reached XP level 2. HP: 7/18 MP: 5/5
   512 | D:1      | Reached skill level 4 in Unarmed Combat
   539 | D:1      | Reached XP level 3. HP: 23/23 MP: 6/6
  1807 | D:3      | Found a radiant altar of Vehumet.
  1938 | D:3      | Reached XP level 4. HP: 28/28 MP: 7/7
  1964 | D:3      | Found a broken altar of Ashenzari.
  2055 | D:3      | Found an iron altar of Okawaru.
  2323 | D:3      | Found a shimmering blue altar of Sif Muna.
  2366 | D:3      | Reached skill level 5 in Unarmed Combat
  2510 | D:4      | Slain by an orc

Illustrated notes

Levels and vault maps discovered:
D:1:      matt_arrival_grand_opening, layout_basic
D:2:      layout_basic, grunt_ministairs_14, nicolae_eternal_life
D:3:      layout_basic, nicolae_overflow_hidden_temple, evilmike_ruin_ashenzari,
          vehumet_crystals, lemuel_blue_sif_altar
D:4:      layout_basic, grunt_dithmenos_smoke, general_overflow_altar,
          gammafunk_ghost_split

Skill      XL: |  1  2  3  4 |
---------------+-------------+-----
Unarmed Combat | 4 5 |  5.1
Fighting       | |  1.0
Dodging        | |  2.0
Spellcasting   | |  2.0
Transmutations | |  2.0

Action                     |  1- 3 |  4- 6 || total
---------------------------+-------+-------++-------
  Melee: Unarmed           |   107 |    28 ||   135
         Tentacles         |    22 |     2 ||    24
         Constrict         |    26 |     5 ||    31
         Punch             |     1 |     1 ||     2
   Stab: Sleeping          |     8 |     2 ||    10
 Armour: Skin              |    16 |     1 ||    17
  Dodge: Dodged            |    63 |    21 ||    84

Table legend: (Time is in decaauts)
 A = Elapsed time spent in this place.
 B = Non-inter-level travel time spent in this place.
 C = Inter-level travel time spent in this place.
 D = Time resting spent in this place.
 E = Time spent auto-exploring this place.
 F = Levels seen in this place.
 G = Mean time per level.
                   A        B        C        D        E       F      G
               +--------+--------+--------+--------+--------+-----+--------+
         Total |   2499 |   2452 |     47 |      0 |   2082 |   4 |  624.8 |
       Dungeon |   2499 |   2452 |     47 |      0 |   2082 |   4 |  624.8 |
               +--------+--------+--------+--------+--------+-----+--------+

Top non-repeatable levels by time:
     D:1: 927 daAuts
     D:2: 867 daAuts
     D:3: 692 daAuts
     D:4: 12 daAuts
